 Dungeon Crawl Stone Soup version 0.30.1-9-gdf580d7c3d (webtiles) character file.

Game seed: 6404768004670808957

101 ChiefBigBeans the Ruffian (level 4, 0/45 HPs)
             Began as a Troll Berserker on Sept 27, 2023.
             Was a Believer of Trog.
             Slain by an orc
             ... wielding a +0 flail
              (7 damage)
             ... on level 3 of the Dungeon.
             The game lasted 00:03:07 (1631 turns).

ChiefBigBeans the Ruffian (Troll Berserker)         Turns: 1631, Time: 00:03:08

Health: 0/45       AC:  6    Str: 27    XL:     4   Next: 48%
Magic:  3/3        EV: 10    Int:  3    God:    Trog [**....]
Gold:   123        SH:  5    Dex:  9    Spells: 3/3 levels left

rFire   . . .        h - +2 hammer (protect)
rCold   . . .        (no shield)
rNeg    . . .        a - +1 animal skin
rPois   .            (helmet restricted)
rElec   .            g - +0 cloak
rCorr   .            (gloves unavailable)
SInv    .            (boots unavailable)
Will    .....        i - amulet of reflection
Stlth   +            (no ring)
HPRegen 1.07/turn    (no ring)
MPRegen 0.08/turn

%: reflection
@: no status effects
A: large, unfitting armour, claws 3, regeneration 1, shaggy fur 1, tough skin 1
a: Renounce Religion, Berserk, Trog's Hand


You were on level 3 of the Dungeon.
You worshipped Trog.
Trog was pleased with you.
You visited 1 branch of the dungeon, and saw 3 of its levels.

You collected 123 gold pieces.

Inventory:

Hand Weapons
 b - a +1 dagger of protection
 h - a +2 hammer of protection (weapon)
Armour
 a - a +1 animal skin (worn)
 g - a +0 cloak (worn)
Jewellery
 i - an amulet of reflection (around neck)
Scrolls
 d - a scroll of poison
 f - a scroll of teleportation {unknown}
Potions
 c - a potion of heal wounds
 j - a potion of brilliance {unknown}
 k - a potion of mutation {unknown}


   Skills:
 + Level 3.5 Fighting
 + Level 0.2 Maces & Flails
 - Level 2.4 Dodging
 - Level 4.2 Unarmed Combat


You had 3 spell levels left.
You didn't know any spells.
Your spell library was empty.

Dungeon Overview and Level Annotations

Branches:
Dungeon (3/15)

Altars:


Innate Abilities, Weirdness & Mutations

You are too large for most types of armour.
You have claws for hands.
Your natural rate of healing is unusually fast.
You are covered in fur. (AC +1)
You have tough skin. (AC +1)


Message History

An endoplasm comes into view.
The orc priest hits you but does no damage.
The orc barely misses you. The orc hits you but does no damage.
The adder closely misses you. The orc closely misses you.
The orc hits you with a +0 flail!
The orc priest invokes the aid of Beogh against you.
Beogh smites you!
* * * LOW HITPOINT WARNING * * *
The endoplasm moves out of view.
You are too injured to fight recklessly!
You are too injured to fight recklessly!
You are too injured to fight recklessly!
You are too injured to fight recklessly!
You are too injured to fight recklessly!
You are too injured to fight recklessly!
You are too injured to fight recklessly!
You are too injured to fight recklessly!
You are too injured to fight recklessly!
You are too injured to fight recklessly!
You are too injured to fight recklessly!
You are too injured to fight recklessly!
You are too injured to fight recklessly!
You are too injured to fight recklessly!
You are too injured to fight recklessly!
Okay, then.
The air fills with toxic fumes!
As you read the scroll labelled VEYKHI UTIGYS, it crumbles to dust.
It was a scroll of poison.
The adder bites you but does no damage. The orc barely misses you.
The orc misses you.
The orc priest begins to cast a cantrip, but forgets the words!
The orc barely misses you.
As you read the scroll labelled BUUCITWOUF, it crumbles to dust.
It is a scroll of identify.
c - a potion of heal wounds The endoplasm quivers.
The adder bites you.
* * * LOW HITPOINT WARNING * * *
The orc closely misses you. You block the orc's attack.
The orc priest closely misses you. The orc hits you with a +0 flail!
You die...

§## ### §§ . #..
§§### ..##..# §§§§§
....§.. §§§§.§
....§§§######§§#§§§
.#..#§§§§§§oSJ§J§§§
....§§§§§§§@oo§#
....§§§§###oo§§§§§§
....#...# #§§§§§§§§
..>.....###§§§§###§
....#^...##§§§§#
.........###...###§##
#.#..... #......§§.
..#..## #...###§#§
.....## ##...# .#


You could see an orc priest, an adder, 4 orcs and 2 endoplasms.

Vanquished Creatures
  Crazy Yiuf (D:2)
  2 adders (D:2)
  2 dart slugs (D:1)
  4 endoplasms
  2 giant cockroaches
  6 goblins
  3 hobgoblins
  6 quokkas
  2 ball pythons
  4 bats
  A frilled lizard (D:2)
  4 kobolds
  9 rats
46 creatures vanquished.

Notes
Turn   | Place    | Note
-------+----------+-------------------------------------------
     0 | D:1      | ChiefBigBeans the Troll Berserker began the quest for the
                  | Orb.
     0 | D:1      | Reached XP level 1. HP: 22/22 MP: 0/0
   199 | D:1      | Reached XP level 2. HP: 29/29 MP: 1/1
   367 | D:1      | Noticed a great orb of eyes
   369 | D:1      | Found a faded altar of an unknown god.
   371 | D:1      | Noticed a shining eye
   371 | D:1      | Noticed a shining eye
   371 | D:1      | Noticed a floating eye
   779 | D:1      | Reached XP level 3. HP: 37/37 MP: 2/2
   888 | D:2      | Reached ** piety under Trog
  1012 | D:2      | Found a runed translucent door.
  1013 | D:2      | Noticed Crazy Yiuf
  1203 | D:2      | Reached skill level 4 in Unarmed Combat
  1468 | D:2      | Killed Crazy Yiuf
  1469 | D:2      | Reached XP level 4. HP: 22/45 MP: 3/3
  1631 | D:3      | Slain by an orc

Illustrated notes

Levels and vault maps discovered:
D:1:      dpeg_arrival_concentric_ovals, layout_basic,
          hellmonk_ecumenical_altar_watching_god, minmay_pentomino_q4
D:2:      layout_basic, uniq_crazy_yiuf_cottage
D:3:      layout_rooms

Skill      XL: |  1  2  3 |
---------------+----------+-----
Fighting       | 3 |  3.5
Unarmed Combat | 4 |  4.2
Maces & Flails | |  0.2
Dodging        | |  2.4

Action                     |  1- 3 |  4- 6 || total
---------------------------+-------+-------++-------
  Melee: Unarmed           |    81 |       ||    81
         Punch             |     2 |       ||     2
         Mace              |       |    26 ||    26
    Use: Scroll            |     5 |     2 ||     7
         Potion            |     3 |       ||     3
 Armour: Animal skin       |    22 |    39 ||    61
  Dodge: Dodged            |    29 |    40 ||    69
  Block: Other             |       |     5 ||     5
